 Dungeon Crawl Stone Soup version 0.26.1-11-gd32895ea62 (webtiles) character file.

Game seed: 1388447730767758380

578 nothank2 the Covert (level 7, -1/32 HPs)
             Began as a Spriggan Enchanter on June 22, 2021.
             Was an Initiate of Wu Jian.
             Slain by an ice beast (14 damage)
             ... on level 4 of the Dungeon.
             The game lasted 00:18:13 (3424 turns).

nothank2 the Covert (Spriggan Enchanter)            Turns: 3424, Time: 00:18:13

Health: -1/32      AC:  2    Str:  4    XL:     7   Next: 13%
Magic:  10/12      EV: 18    Int: 16    God:    Wu Jian [......]
Gold:   141        SH:  0    Dex: 19    Spells: 9/12 levels left

rFire    . . .     SeeInvis +   j - +2 dagger (speed)
rCold    . . .     Faith    .   (shield restricted)
rNeg     . . .     Spirit   .   b - +0 robe
rPois    .         Reflect  .   (helmet restricted)
rElec    .         Harm     .   (no cloak)
rCorr    .         Rampage  .   (gloves unavailable)
Will     +....                  (boots unavailable)
Stlth    +++++.....             e - amulet of regeneration
HPRegen  0.50/turn              (no ring)
MPRegen  0.13/turn              (no ring)

@: very quick
A: very small, unfitting armour, see invisible, speed 3
a: Renounce Religion


You were on level 4 of the Dungeon.
You worshipped Wu Jian.
Wu Jian was noncommittal.
You visited 1 branch of the dungeon, and saw 4 of its levels.

You collected 141 gold pieces.

Inventory:

Hand Weapons
 a - a +1 dagger
 j - a +2 dagger of speed (weapon)
 m - a +3 falchion
Missiles
 o - 2 poisoned darts
 q - 4 curare-tipped darts (quivered)
Armour
 b - a +0 robe (worn)
Jewellery
 e - an amulet of regeneration (around neck)
Scrolls
 d - 4 scrolls of identify
 f - 2 scrolls of remove curse
 g - a scroll of blinking {unknown}
 h - a scroll of teleportation {unknown}
Potions
 c - a potion of lignification
 i - a potion of berserk rage {unknown}
 k - a potion of might {unknown}
 l - a potion of curing {unknown}
 n - 2 potions of brilliance {unknown}
 p - a potion of haste {unknown}


   Skills:
 - Level 1.1 Short Blades
 - Level 0.2 Throwing
 - Level 3.0 Dodging
 - Level 10.1 Stealth
 + Level 3.2 Spellcasting
 + Level 6.3 Hexes
 - Level 1.0 Ice Magic


You had 9 spell levels left.
You knew the following spells:

 Your Spells              Type           Power        Failure   Level
a - Corona                Hex            24%          1%          1
b - Ensorcelled Hibernat  Hex/Ice        28%          6%          2

Your spell library contained the following spells:

 Spells                   Type           Power        Failure   Level
 Confusing Touch          Hex            22%          4%          3
 Tukima's Dance           Hex            22%          4%          3
 Dazzling Flash           Conj/Hex       24%          16%         3


Dungeon Overview and Level Annotations

Branches:
Dungeon (4/15)
 Temple: D:4-7

Altars:
Ru
Trog
Wu Jian

Annotations:
D:4 Pikel


Innate Abilities, Weirdness & Mutations

You are very small and have problems with some larger weapons.
You are too small for most types of armour.
You have supernaturally acute eyesight. (SInv)
You cover ground extremely quickly.


Message History

The ice beast closely misses you.
You barely miss the ice beast.
The ice beast is moderately wounded.
You hit the ice beast but do no damage.
The ice beast is moderately wounded.
The ice beast hits you. The ice beast freezes you!
You hit the ice beast.
The ice beast is heavily wounded.
You closely miss the ice beast.
The ice beast is heavily wounded.
The ice beast closely misses you.
You hit the ice beast but do no damage.
The ice beast is moderately wounded.
The ice beast closely misses you.
You hit the ice beast but do no damage.
The ice beast is moderately wounded.
You hit the ice beast.
The ice beast is heavily wounded.
The ice beast hits you. The ice beast freezes you!
You die...

.###.........P###.## #.#
.#............###..# ##.##
<#.....#.#.##..###.# #...##
.....##..#.###...#.###.#..#
....#...##.# ###.....#.##.#
......####.# ###.....##.##
.....#####.# ###....###..#
...#.......#####))...)####.#
#..##.####..>...@#.....###.###
#...#.# #.##..Y##......##...##
.......###...............###o.###
#.##.#.......(..).....#..........
.. .........(#####....#.......o..
#...#.#.....########.#..#........
......##(......................
.!......(...........#####..###..
...........#...### ##.. #).


You could see an ice beast.

Vanquished Creatures
  An ogre (D:4)
  2 lemures (D:4)
  A howler monkey (D:4)
  2 hounds (D:4)
  An orc priest (D:3)
  A bullfrog skeleton (D:4)
  An orc wizard (D:4)
  5 worker ants
  7 gnolls
  6 adders
  3 oozes
  A worm (D:2)
  A dart slug (D:2)
  A leopard gecko (D:4)
  9 orcs
  2 giant cockroaches (D:3)
  3 goblins
  5 hobgoblins
  4 jackals (D:2)
  4 kobolds
  5 bats
  A frilled lizard (D:2)
  5 rats
71 creatures vanquished.

Vanquished Creatures (others)
  A plant (D:4)
1 creature vanquished.

Grand Total: 72 creatures vanquished

Notes
Turn   | Place    | Note
-------+----------+-------------------------------------------
     0 | D:1      | nothank2 the Spriggan Enchanter began the quest for the
                  | Orb.
     0 | D:1      | Reached XP level 1. HP: 9/9 MP: 5/5
    64 | D:1      | Reached skill level 5 in Stealth
    64 | D:1      | Reached XP level 2. HP: 9/13 MP: 6/6
    67 | D:1      | Learned a level 2 spell: Ensorcelled Hibernation
   845 | D:2      | Reached XP level 3. HP: 13/16 MP: 1/8
  1047 | D:2      | Reached skill level 6 in Stealth
  1360 | D:2      | Reached XP level 4. HP: 14/21 MP: 6/9
  1979 | D:3      | Reached skill level 7 in Stealth
  1979 | D:3      | Reached skill level 1 in Ice Magic
  2124 | D:3      | Reached XP level 5. HP: 20/24 MP: 3/10
  2126 | D:3      | Reached skill level 5 in Hexes
  2440 | D:3      | Reached skill level 8 in Stealth
  2667 | D:4      | Found a bloodstained altar of Trog.
  2667 | D:4      | Found a sacrificial altar of Ru.
  2667 | D:4      | Found an ornate altar of the Wu Jian Council.
  2679 | D:4      | Became a worshipper of the Wu Jian Council
  2719 | D:4      | Reached XP level 6. HP: 26/28 MP: 11/11
  2721 | D:4      | Reached skill level 9 in Stealth
  2809 | D:4      | Noticed Pikel
  3175 | D:4      | Reached skill level 10 in Stealth
  3338 | D:4      | Reached XP level 7. HP: 32/32 MP: 7/12
  3424 | D:4      | Slain by an ice beast

Illustrated notes

Levels and vault maps discovered:
D:1:      dpeg_arrival_erosion, layout_basic
D:2:      layout_basic
D:3:      layout_rooms
D:4:      layout_rooms, gammafunk_temple_overflow_forgotten,
          kennysheep_generic_room_9, uniq_pikel

Skill      XL: |  1  2  3  4  5  6 |
---------------+-------------------+-----
Stealth        | 5 6 7 8 10 | 10.1
Hexes          | 4 5 6 |  6.3
Ice Magic      | 1 |  1.0
Spellcasting   | 3 |  3.2
Short Blades   | |  1.1
Throwing       | |  0.2
Dodging        | |  3.0

Action                   |  1- 3 |  4- 6 |  7- 9 || total
-------------------------+-------+-------+-------++-------
Melee: Dagger            |    84 |   142 |    19 ||   245
Throw: Stone             |       |     3 |       ||     3
       Dart              |       |     4 |     7 ||    11
 Cast: Ensorcelled Hiber |    10 |    41 |     3 ||    54
Invok: Lunge             |       |     2 |       ||     2
  Use: Scroll            |     1 |     1 |       ||     2
 Stab: Sleeping          |     9 |    31 |     2 ||    42
Armor: Robe              |     5 |     4 |       ||     9
Dodge: Dodged            |    57 |    82 |     8 ||   147
